AoeStats
← AxingQuestions

African Clearing

504333794Analyzed
4v4 RM · 27d ago on Sep 4, 2026· 41m 4s· 8 players
Game mode
Random Map
Map size
Large (8 player)
Population
200
Speed
Normal
Resources
Standard
Victory
Conquest
Starting age
Dark Age
Ending age
Imperial Age
RankedLock teamsTeams togetherTeam positionsShared explorationLock speedFull tech treeHidden civsTurbo modeCheats
Victory
Defeat
🇵🇾 Maya · Paraguay
1374
+10
🇦🇷 Magyars · Argentina
1203
+17
🇺🇸 Saracens · United States
1162
+19
🇵🇾 Wei · Paraguay
997
+25
🇩🇪 Khmer · Germany
1251
-19
🇸🇰 Sicilians · Slovakia
1238
-18
🇫🇷 Huns · France
1198
-17
🇺🇸 Britons · United States
1194
-17
AxingQuestions
5:49 Loom
14:30 Feudal Age
15:47 Stone Mining
18:37 Castle Age
16:32 Double-Bit Axe
18:12 Fletching
18:28 Gold Mining
19:55 Bow Saw
19:50 Pikeman
21:15 Bodkin Arrow
21:27 Horse Collar
23:03 Heavy Plow
27:30 Ballistics
29:17 Squires
32:16 Treadmill Crane
34:17 Padded Archer Armor
36:55 Gold Shaft Mining
38:21 Wheelbarrow
37:50 Town Watch
Rhum
4:33 Loom
14:43 Feudal Age
19:39 Castle Age
21:13 Wheelbarrow
20:25 Double-Bit Axe
22:49 Horse Collar
23:59 Pikeman
24:41 Scale Mail Armor
27:07 Bow Saw
27:57 Town Watch
Ser Jean Donjon
10:50 Loom
15:38 Feudal Age
17:01 Double-Bit Axe
19:06 Horse Collar
20:52 Wheelbarrow
23:28 Arson
26:19 Castle Age
24:48 Town Watch
27:39 Bow Saw
27:34 Squires
27:20 Arson
28:37 Pikeman
36:19 Heavy Plow
39:41 Husbandry
39:52 Bloodlines
Skipper
The Cheeky Crusader
Moketero
14:12 Feudal Age
15:29 Loom
15:32 Double-Bit Axe
22:06 Castle Age
21:00 Forging
21:12 Horse Collar
22:35 Scale Barding Armor
22:43 Bloodlines
23:33 Bow Saw
23:25 Heavy Plow
28:33 Wheelbarrow
28:10 Stone Mining
29:44 Hand Cart
30:11 Stone Shaft Mining
33:21 Iron Casting
32:57 Gold Mining
34:36 Gold Shaft Mining
34:26 Chain Barding Armor
40:17 Imperial Age
37:55 Husbandry
felixaleman1010
7:04 Loom
13:15 Feudal Age
17:47 Castle Age
16:13 Scale Barding Armor
16:05 Double-Bit Axe
18:51 Bow Saw
29:19 Fletching
31:39 Bloodlines
31:29 Husbandry
31:36 Husbandry
36:05 Bodkin Arrow
36:31 Chain Barding Armor
35:48 Pikeman
42:56 Imperial Age
42:03 Wheelbarrow
41:13 Town Watch
DonNarko
3:51 Loom
12:41 Feudal Age
16:53 Castle Age
14:57 Double-Bit Axe
15:07 Town Watch
22:27 Bow Saw
22:08 Horse Collar
24:33 Wheelbarrow
23:53 Fletching
24:54 Bodkin Arrow
25:00 Padded Archer Armor
26:45 Hand Cart
28:42 Padded Archer Armor
32:51 Ballistics
35:43 Imperial Age
33:59 Leather Archer Armor
33:56 Masonry
35:00 Hul'che Javelineers
34:36 Elite Skirmisher
35:22 Thumb Ring
36:27 Bracer
36:58 Ring Archer Armor
38:32 Chemistry
39:13 Conscription
40:57 Two-Man Saw
39:58 Heavy Plow
Connection lost

Rejoining the realm…

Still unreachable

The connection could not be restored.

Session expired

The server has moved on; the page needs a fresh start.